 Dungeon Crawl Stone Soup version 0.22.0-16-gc6d26f6 (console) character file.

203 removed the Shooter (level 5, -1/29 HPs)
             Began as a Deep Elf Hunter on Aug 17, 2018.
             Slain by an orc warrior
             ... wielding a +0 dire flail
              (19 damage)
             ... on level 3 of the Dungeon.
             The game lasted 00:07:14 (3627 turns).

removed the Shooter (Deep Elf Hunter)               Turns: 3627, Time: 00:07:15

Health: -1/29      AC:  3    Str:  9    XL:     5   Next: 51%
Magic:  7/7        EV: 12    Int: 16    God:
Gold:   106        SH:  0    Dex: 16    Spells: 4/4 levels left

rFire    . . .     SeeInvis .   a - +1 shortbow
rCold    . . .     Gourm    .   (shield currently unavailable)
rNeg     . . .     Faith    .   c - +0 leather armour
rPois    .         Spirit   .   (no helmet)
rElec    .         Reflect  .   (no cloak)
rCorr    +         Harm     .   (no gloves)
MR       .....                  (no boots)
Stlth    +.........             o - amulet of the acrobat
HPRegen  0.09/turn              h - ring of resist corrosion
MPRegen  0.10/turn              s - ring of wizardry

@: confused
A: no striking features
a: no special abilities


You were on level 3 of the Dungeon.
You were not hungry.

You visited 1 branch of the dungeon, and saw 3 of its levels.

You collected 106 gold pieces.

Inventory:

Hand Weapons
 a - a +1 shortbow (weapon)
 b - a +0 short sword
Missiles
 d - 45 arrows (quivered)
Armour
 c - a +0 leather armour (worn)
Jewellery
 h - a ring of resist corrosion (left hand)
 o - an amulet of the acrobat (around neck)
 s - a ring of wizardry (right hand)
Scrolls
 j - 2 scrolls of noise
 k - a scroll of amnesia {unknown}
 m - 2 scrolls of remove curse {unknown}
 p - 2 scrolls of enchant armour {unknown}
 r - a scroll of fear {unknown}
 u - 2 scrolls of teleportation {unknown}
Potions
 x - a potion of haste {unknown}
Comestibles
 f - 4 rations


   Skills:
 - Level 1.5 Fighting
 + Level 7.5 Bows
 - Level 2.4 Dodging
 - Level 1.2 Stealth


You had 4 spell levels left.
You didn't know any spells.
Your spell library was empty.

Dungeon Overview and Level Annotations

Branches:
Dungeon (3/15)

Altars:


Message History

Press: ? - help, Shift-Dir - straight line, f/p - orc warrior
Aim: an orc warrior, wielding a dire flail and wearing a chain mail (moderately wounded)
You shoot an arrow.
The arrow hits the orc warrior but does no damage.
The orc warrior is moderately wounded.
Press: ? - help, v - describe, . - travel
Here: an orc warrior, wielding a dire flail and wearing a chain mail (moderately wounded)
The floor.
You aren't carrying any items that you can evoke.
It was a potion of ambrosia.
You are confused.
You feel invigorated.
The orc warrior hits you with a dire flail!!
Ouch! That really hurt!
* * * LOW HITPOINT WARNING * * *
You bump into the rock wall.
The orc warrior closely misses you.
You bump into the rock wall.
The orc warrior hits you with a dire flail!!
Ouch! That really hurt!
You die...

♣♣..####.## #.# #..
♣...# #.#
..######.. ♣♣..##
#.# ..........
♣...# #.# .#######.
♣♣♣.## #.# ##
♣♣♣♣...# #.# # .
♣♣♣.♣♣...# #.# # ..
♣♣.♣♣.....####.# #
(o.♣..♣...(.o.oo@.#
######
#.()(############
...... #.#........#
######
...#..#####.#
.####..# ...# ##..#
##.# #.#


You could see an orc warrior and 2 orcs.

Vanquished Creatures
  A bullfrog (D:2)
  4 gnolls (D:2)
  4 adders
  An ooze (D:1)
  A dart slug (D:1)
  3 leopard geckos
  2 orcs (D:3)
  2 giant cockroaches
  4 goblins
  7 hobgoblins
  10 bats
  9 frilled lizards
  7 kobolds
  8 rats
63 creatures vanquished.

Notes
Turn   | Place    | Note
-------+----------+-------------------------------------------
     0 | D:1      | removed the Deep Elf Hunter began the quest for the Orb.
     0 | D:1      | Reached XP level 1. HP: 12/12 MP: 3/3
   190 | D:1      | Reached XP level 2. HP: 16/16 MP: 4/4
   192 | D:1      | Reached skill level 5 in Bows
  1004 | D:1      | Reached XP level 3. HP: 20/20 MP: 5/5
  1915 | D:2      | Noticed a sky beast
  2196 | D:2      | Reached skill level 6 in Bows
  2715 | D:2      | Reached XP level 4. HP: 9/25 MP: 6/6
  2967 | D:2      | Noticed a bullfrog
  2975 | D:2      | Killed a bullfrog
  2975 | D:2      | Reached skill level 7 in Bows
  2975 | D:2      | Reached XP level 5. HP: 20/29 MP: 7/7
  3583 | D:3      | Noticed an orc warrior
  3627 | D:3      | Slain by an orc warrior

Skill      XL: |  1  2  3  4 |
---------------+-------------+-----
Bows           | 5 6 7 |  7.5
Fighting       | |  1.5
Dodging        | |  2.4
Stealth        | |  1.2

Action                   |  1- 3 |  4- 6 || total
-------------------------+-------+-------++-------
Melee: Short sword       |    57 |     4 ||    61
 Fire: Shortbow          |    97 |    60 ||   157
  Use: Scroll            |     3 |       ||     3
       Potion            |     2 |     1 ||     3
  Eat: Chunk             |     4 |     4 ||     8
Armor: Leather armour    |    22 |     5 ||    27
Dodge: Dodged            |    65 |    11 ||    76
